 Dungeon Crawl Stone Soup version 0.30.0-20-g3b4254fcbd (webtiles) character file.

Game seed: 17738764414206996754

137 Graphine the Firebug (level 5, -3/29 HPs)
             Began as a Deep Elf Fire Elementalist on June 2, 2023.
             Was an Initiate of Fedhas.
             Slain by a river rat (5 damage)
             ... on level 3 of the Dungeon.
             The game lasted 00:08:09 (2178 turns).

Graphine the Firebug (Deep Elf Fire Elementalist)   Turns: 2178, Time: 00:08:10

Health: -3/29      AC:  3    Str:  5    XL:     5   Next: 0%
Magic:  12/12      EV: 13    Int: 22    God:    Fedhas [......]
Gold:   139        SH:  0    Dex: 15    Spells: 8/11 levels left

rFire   . . .        c - +0 trident
rCold   . . .        (no shield)
rNeg    . . .        a - +0 robe
rPois   .            (no helmet)
rElec   .            (no cloak)
rCorr   .            k - +0 pair of gloves
SInv    .            (no boots)
Will    .....        i - amulet of faith
Stlth   ++           (no ring)
HPRegen 0.24/turn    (no ring)
MPRegen 0.13/turn

%: faith
@: no status effects
A: no striking features
a: Renounce Religion


You were on level 3 of the Dungeon.
You worshipped Fedhas.
Fedhas was noncommittal.
You visited 1 branch of the dungeon, and saw 3 of its levels.

You collected 139 gold pieces.

Inventory:

Hand Weapons
 c - a +0 trident (weapon)
Armour
 a - a +0 robe (worn)
 k - a +0 pair of gloves (worn)
Jewellery
 i - an amulet of faith (around neck)
 n - the amulet "Kauwken" {Faith rC- Int+4 Dex+4}
   (You found it on level 2 of the Dungeon)

   [amulet of faith]

   It allows you to gain divine favour quickly.
   Int:       It affects your intelligence (+4).
   Dex:       It affects your dexterity (+4).
   rC:        It makes you vulnerable to cold.
Wands
 q - a wand of charming (5)
Scrolls
 b - 2 scrolls of identify
 m - a scroll of magic mapping {unknown}
 o - a scroll of noise {unknown}
 p - a scroll of amnesia {unknown}
Potions
 d - a potion of cancellation {unknown}
 e - a potion of might
 f - a potion of invisibility {unknown}
 g - 2 potions of attraction {unknown}
 h - a potion of mutation {unknown}
 j - 2 potions of curing {unknown}
 l - a potion of magic


   Skills:
 + Level 1.1 Fighting
 + Level 1.3 Staves
 + Level 3.0 Dodging
 - Level 2.4 Stealth
 + Level 3.7 Spellcasting
 - Level 1.1 Conjurations
 * Level 4.4 Fire Magic
 + Level 1.8 Evocations


You had 8 spell levels left.
You knew the following spells:

 Your Spells              Type           Power      Damage    Failure   Level
a - Foxfire               Conj/Fire      64%        2x1d7     3%          1
b - Scorch                Fire           46%        2d6       2%          2

Your spell library contained the following spells:

 Spells                   Type           Power      Damage    Failure   Level
 Magic Dart               Conj           36%        1d4       8%          1
 Beastly Appendage        Tmut           8%         N/A       12%         1
 Inner Flame              Hex/Fire       13%        N/A       14%         3
 Volatile Blastmotes      Fire/Tloc      26%        2d12      14%         3
 Call Imp                 Summ           8%         N/A       17%         2
 Wereblood                Tmut           4%         N/A       17%         2
 Mephitic Cloud           Conj/Pois/Air  5%         N/A       30%         3
 Spider Form              Tmut/Pois      4%         N/A       34%         3
 Flame Wave               Conj/Fire      16%        2d7       36%         4
 Sticky Flame             Conj/Fire      16%        2d4       36%         4


Dungeon Overview and Level Annotations

Branches:
Dungeon (3/15)

Altars:
Fedhas

Portals:
Sewer: D:3


Message History

The giant cockroach is heavily wounded.
Casting: Foxfire (safe; 3% risk of failure)
Confirm with . or Enter, or press ? or * to list all spells.
Flames lash the giant cockroach.
You kill the giant cockroach!
Fedhas appreciates your contribution to the ecosystem.
The foxfire hits the worm.
The worm is moderately wounded.
The worm is engulfed in a cloud of scalding steam.
You kill the worm!
Fedhas appreciates your contribution to the ecosystem.
You enter the shallow water.
Moving in this stuff is going to be slow.
A river rat comes into view.
You conjure some foxfire!
The river rat misses you.
The foxfire hits the river rat but does no damage. x2
The river rat is engulfed in a cloud of scalding steam.
The river rat bites you.
You conjure some foxfire!
The river rat is engulfed in a cloud of scalding steam.
You kill the river rat!
Fedhas appreciates your contribution to the ecosystem.
You have reached level 5!
You are engulfed in a cloud of scalding steam.
Ouch! That really hurt!
You see here a river rat corpse.
Your foxfire dissipates!
You hear the slow rusting of a drain.
A river rat comes into view.
Found a glowing drain.
The river rat barely misses you. The river rat bites you!
* * * LOW HITPOINT WARNING * * *
The river rat bites you but does no damage.
The river rat bites you!
* * * LOW HITPOINT WARNING * * *
There is a glowing drain here.
The river rat bites you.
You die...
Fedhas appreciates your contribution to the ecosystem.

#.........###.......#........
#########...........'........
#####.#####.#........
##~~####~~##.#...♣..P♣
#~~~~§~~~~~..#...♣P~♣♣
##~~####~~####..♣♣♣.♣
#†##~~#### #..♣♣♣~♣♣
#~#~~r~~~# #♣♣♣♣♣.~P♣
#~#~@~~~~###~♣♣PP~..P
#~##~~##~##..~~~~~~~.
##~~####~~##.♣♣♣♣~~.~~
#~~~~~~~~~~#.♣♣♣♣♣~~♣♣
##~~####~~##..♣♣.♣P~♣♣
####..####<.....♣P~P♣
#.......'').†...♣P~P♣
#.......##......♣♣.♣♣
#.#.....##.........#


You could see a river rat.

Vanquished Creatures
  Ijyb (D:3)
  Robin (D:2)
  3 adders
  A river rat (D:3)
  2 worms
  3 ball pythons
  6 bats
  5 endoplasms
  3 giant cockroaches
  13 goblins
  7 hobgoblins
  2 quokkas
  A frilled lizard (D:1)
  2 kobolds
  5 rats
55 creatures vanquished.

Vanquished Creatures (others)
  160 foxfires
160 creatures vanquished.

Grand Total: 215 creatures vanquished

Notes
Turn   | Place    | Note
-------+----------+-------------------------------------------
     0 | D:1      | Graphine the Deep Elf Fire Elementalist began the quest for
                  | the Orb.
     0 | D:1      | Reached XP level 1. HP: 10/10 MP: 6/6
   200 | D:1      | Found a faded altar of an unknown god.
   210 | D:1      | Reached XP level 2. HP: 15/15 MP: 4/8
   873 | D:2      | Learned a level 2 spell: Scorch
   896 | D:2      | Reached skill level 1 in Evocations
   896 | D:2      | Reached XP level 3. HP: 20/20 MP: 5/9
   929 | D:2      | Noticed Robin
   935 | D:2      | Reached skill level 4 in Fire Magic
   962 | D:2      | Killed Robin
   963 | D:2      | Reached skill level 1 in Staves
  1183 | D:2      | Reached XP level 4. HP: 24/24 MP: 0/11
  1417 | D:2      | Found a blossoming altar of Fedhas.
  1500 | D:2      | Became a worshipper of Fedhas Madash
  1595 | D:2      | Identified the amulet "Kauwken" {Faith rC- Int+4 Dex+4}
  2049 | D:3      | Noticed Ijyb
  2062 | D:3      | Killed Ijyb
  2063 | D:3      | Reached skill level 1 in Fighting
  2160 | D:3      | Reached XP level 5. HP: 24/29 MP: 8/12
  2172 | D:3      | Found a glowing drain.
  2178 | D:3      | Slain by a river rat

Illustrated notes

Levels and vault maps discovered:
D:1:      minmay_arrival_radiant_lines, layout_rooms,
          hellmonk_ecumenical_altar_run_dry, minmay_misc_feat_five
D:2:      layout_loops_ring, basic_altar, corner_web_ring,
          palyth_stone_intersect, uniq_robin
D:3:      layout_basic, gup_sewer_entry_bubbles, serial_bayou,
          serial_bayou_shore_b, serial_bayou_pond_b, serial_bayou_crossing,
          serial_bayou_pond_d, uniq_crazy_yiuf_cottage, uniq_terence, uniq_ijyb

Skill      XL: |  1  2  3  4 |
---------------+-------------+-----
Evocations     | 1 |  1.8
Fire Magic     | 4 |  4.4
Staves         | 1 |  1.3
Fighting       | 1 |  1.1
Dodging        | 3 |  3.0
Stealth        | |  2.4
Spellcasting   | |  3.7
Conjurations   | |  1.1

Action                     |  1- 3 |  4- 6 || total
---------------------------+-------+-------++-------
  Melee: Trident           |       |     2 ||     2
   Cast: Foxfire           |    74 |    24 ||    98
         Scorch            |       |     1 ||     1
    Use: Scroll            |     2 |       ||     2
         Potion            |     1 |       ||     1
 Armour: Robe              |     4 |     5 ||     9
  Dodge: Dodged            |    15 |    17 ||    32
